[Event "FTX Road to Miami Prelims 2022"]
[Site "Online"]
[Date "2022.07.04"]
[Round "4.3"]
[White "Aronian, Levon"]
[Black "Giri, Anish"]
[Result "1/2-1/2"]
[ECO "B30"]
[WhiteElo "2775"]
[BlackElo "2760"]
[Annotator "TA"]
[PlyCount "271"]
[EventDate "2022.07.10"]
[EventType "tourn"]
[EventCountry "NET"]
[SourceTitle "playchess.com"]
[Source "ChessBase"]
[SourceQuality "1"]
[TimeControl "40/5400+30:1800+30"]

1. e4 c5 2. Nf3 d6 3. Bc4 Nf6 4. d3 Nc6 5. O-O g6 6. h3 Bg7 7. Nc3 O-O 8. Bf4 h6 9. Re1 e5 10. Bd2 Kh7 11. a3 a6 12. Nd5 Nxd5 13. Bxd5 Ne7 14. Ba2 f5 15. b4 f4 16. bxc5 dxc5 17. a4 b6 18. Rb1 Qd6 19. c3 b5 20. Bc1 Rb8 21. d4 cxd4 22. cxd4 exd4 23. e5 Qc5 24. axb5 axb5 25. Qxd4 Qc2 26. Ba3 b4 27. Bb3 Qf5 28. Bxb4 Nc6 29. Qd6 Rxb4 30. Qxc6 Bb7 31. Qc3 Bxf3 32. Qxf3 Rd4 33. e6 Re8 34. Rbd1 Qa5 35. Re4 Rxd1+ 36. Qxd1 Qf5 37. Qf3 Re7 38. Qxf4 Qxf4 39. Rxf4 Be5 40. Rf3 Kg7 41. h4 h5 42. g3 Rc7 43. Kf1 Bf6 44. Ke2 Rc5 45. Rd3 Be7 46. f4 Kf6 47. Kd2 Rc8 48. Rd7 Bb4+ 49. Ke2 Be7 50. Rb7 Rc3 51. Kf2 Bc5+ 52. Kg2 Be7 53. Bd5 Rc2+ 54. Kh3 Re2 55. Rb8 Rd2 56. Rb5 Re2 57. Bc4 Re4 58. Bd3 Re3 59. Bb1 Kg7 60. Rb6 Kf6 61. Rc6 Re2 62. Bc2 Re3 63. Kg2 Ra3 64. Be4 Re3 65. Rc4 Re2+ (65... Ra3 $16 66. Rc7 Ra2+ 67. Kf3 Ra3+ 68. Kg2 Kxe6 69. Bxg6 Ra2+ 70. Kh3 Ra5 71. f5+ Kf6 72. Rc6+ (72. Bxh5 Rxf5 73. Rc6+ Ke5 $18) 72... Kg7) 66. Kf3 $18 Ra2 67. Rc6 (67. Rc7 $1 $18) 67... Ra3+ $16 68. Kg2 (68. Kf2 $16) 68... Ra2+ (68... Re3 $11 {keeps the balance.} 69. Rc4 Re1) 69. Bc2 (69. Kh3 $16) 69... Ra5 (69... Ra3 $1 $11) 70. Bb3 Rb5 71. Rc3 Rc5 72. Rd3 Ra5 73. Rd7 Rb5 74. Bd5 (74. Bc2 $142 $1) 74... Rb6 75. Kf3 Ra6 76. Rb7 Ra3+ 77. Bb3 Ra6 78. Rb5 Rc6 79. Rb8 Rc3+ 80. Kg2 Bd6 81. Rb7 Be7 82. Bd5 Rc2+ 83. Kh3 (83. Kf3 $14) 83... Re2 $1 $18 84. Rb5 (84. Rc7 $1 $18 {and the rest is easy.}) 84... Re3 85. Ba2 Re4 86. Rg5 Re1 87. Bc4 Kg7 88. Rb5 Kf6 89. Rb8 Re4 90. Rc8 Re3 ({Black should play} 90... Kg7 $14 91. Rc6 Kf6) 91. Rg8 $1 $16 Rc3 (91... Bb4 $16 {might work better.} 92. Bb5 Ra3) 92. Bd5 $18 Re3 93. Bc6 $1 Bd6 94. Be8 $1 Bxf4 95. Rxg6+ Ke7 96. Bf7 (96. Rg8 $18) 96... Bd6 $16 97. Kg2 Rc3 98. Rg5 Kf6 (98... Rc5 $16 {was worth a try.} 99. Rg8 (99. Rxh5 Rxh5 100. Bxh5 Kxe6 $11) (99. Bxh5 Rxg5 100. hxg5 Kxe6 $11) 99... Bc7) 99. Kf2 ({Don't do} 99. Rxh5 $6 Rxg3+ 100. Kf2 Rb3 $16) 99... Ra3 (99... Rc5 $16) 100. Rg6+ ({Don't take} 100. Rxh5 $6 Bxg3+ 101. Kg2 Bc7 $16) ({White should try} 100. Bxh5 $18 Kxe6 101. Bf3) 100... Ke7 $16 101. Bg8 Ra2+ 102. Kf3 Ra3+ 103. Kg2 $1 Ra2+ {[%emt 0:00:23] [#]} 104. Kh3 $1 Ra3 {[%emt 0:00:22] [#]} (104... Ra5 $16 {is a better defense.} 105. Bf7 Bc7) 105. Rg7+ (105. Rg5 $1 $18) 105... Kf6 $1 $14 106. Rg5 Bf4 $1 107. Bf7 (107. e7 $5 Kxe7 108. Rg6 $14) 107... Bxg5 108. hxg5+ Kg7 109. Bxh5 Re3 110. Bf7 Re4 111. g4 Re5 112. Kh4 $1 Re3 113. g6 Kf6 114. g5+ Kg7 115. Kg4 Kf8 116. Kf5 $1 Re1 117. g7+ Kxg7 118. Bh5 Kf8 119. Kf6 Rf1+ 120. Kg6 Ke7 121. Bg4 Rg1 122. Bf5 Rf1 123. Bd3 Rc1 124. Bf5 Rf1 125. Bh3 Rh1 126. Bg4 $1 Rg1 127. Kf5 Rf1+ 128. Ke5 Re1+ 129. Kf4 Rxe6 130. Bxe6 Kxe6 131. Ke4 Kf7 132. Kf5 Kg7 133. g6 Kg8 134. Kf6 Kf8 135. g7+ Kg8 136. Kg6 1/2-1/2

[Event "FTX Road to Miami Prelims 2022"]
[Site "Online"]
[Date "2022.07.04"]
[Round "4.4"]
[White "Radjabov, Teimour"]
[Black "Ju, Wenjun"]
[Result "0-1"]
[ECO "D38"]
[WhiteElo "2738"]
[BlackElo "2560"]
[Annotator "TA"]
[PlyCount "106"]
[EventDate "2022.07.10"]
[EventType "tourn"]
[EventCountry "NET"]
[SourceTitle "playchess.com"]
[Source "ChessBase"]
[SourceQuality "1"]
[TimeControl "40/5400+30:1800+30"]

1. d4 Nf6 2. c4 e6 3. Nf3 d5 4. Nc3 Bb4 5. Bg5 h6 6. Bxf6 Qxf6 7. Qa4+ Nc6 8. e3 O-O 9. cxd5 exd5 10. Rc1 Qg6 {[%emt 0:02:40] 10...Rd8 is the hot move.} 11. Qb3 {[%emt 0:00:29] D38: Queen's Gambit Declined: Ragozin Defence (4 Nf3 Bb4).} Rd8 12. a3 Ba5 {[%emt 0:01:36] [#]} 13. h4 $146 {[%emt 0:00:28] The position is equal.} ({Predecessor:} 13. h3 a6 14. Qa2 Bxc3+ 15. Rxc3 {½-½ (15) Dambrauskas,V (2220)-Brazdzionis,A (2317) Vilnius 2020}) 13... Ne7 14. h5 Qf6 15. Qa4 Bb6 16. Bd3 c6 17. b4 Bf5 18. Qc2 Bxd3 19. Qxd3 Nf5 20. b5 Re8 21. bxc6 bxc6 22. Kf1 Re6 23. Rh3 Rae8 {[%emt 0:01:26][%cal Rf5e3] White must now prevent ...Nxe3+!} 24. Ne5 {[%emt 0:03:11] [#]} (24. Kg1 $11) 24... Rxe5 (24... Nxd4 $1 $17 25. Nd7 (25. exd4 $2 Rxe5 26. Rf3 Qh4 $19) 25... Qd8 26. Nxb6 Nb3) 25. dxe5 $11 Rxe5 {[%emt 0:00:21] aiming for ...Nxe3+.} 26. Kg1 Qg5 {[%emt 0:01:13][%cal Rf5e3] And now ...Nxe3! would win.} 27. Nd1 (27. Kh1 $11 Re8 28. Rb1) 27... Re6 $1 $15 28. Rb1 Nh4 {[%emt 0:00:47][%csl Gh4][%cal Rg5g2] 0x0.00207e0ab36ddp-1022s more active pieces. The white rooks are badly placed.} 29. Rg3 (29. Qf1 $1 $15 {was preferrable.}) 29... Qxh5 $17 30. Rb4 (30. Rh3 $17) 30... Nf5 (30... c5 $19 31. Rb5 Nf5) 31. Rf3 Ne7 (31... Nd6 $17 32. Rh3 Qg5) 32. Rh3 Qe5 33. Rb1 Ng6 34. Nb2 c5 35. Na4 c4 36. Qd1 Bc7 ({Black should play} 36... Ne7 $17) 37. Rc1 (37. f4 $1 $11 {keeps the balance.} Qd6 38. f5 Rxe3 39. Rxe3 Qh2+ 40. Kf2 Qh4+ 41. Kf1 Qh1+ 42. Kf2 Qh4+ 43. g3 Qh2+ 44. Kf1 Qh1+ 45. Kf2 Qh2+ 46. Kf1 Qh1+ 47. Kf2 Qh2+) 37... Ne7 $1 38. Nc3 Rg6 39. Rh5 Rg5 ({Better is} 39... f5 $1 $17) 40. Rxg5 $11 Qh2+ 41. Kf1 hxg5 42. Ne2 $2 ({Much weaker is} 42. Nxd5 Nxd5 43. Rxc4 Nb6 $17) (42. Rb1 $11) 42... Qh1+ $19 43. Ng1 Bh2 44. Ke2 Qxg2 45. Nf3 {[%emt 0:00:22] [#]} g4 $1 46. Nxh2 Qxh2 $17 {[%emt 0:00:20][%mdl 4096] Endgame KQR-KQN} 47. Qg1 {[%emt 0:00:22] [#] Prevents g3.} Qh5 48. Qh1 (48. Qg3 $17) 48... Qf5 {[%emt 0:00:33][%cal Og4g3] Threatens to win with ...g3!} 49. Rd1 g6 {[%emt 0:00:35] Strongly threatening ...c3.} 50. Rd4 $2 (50. Qh2 $17) 50... Kg7 ({Not} 50... Qc2+ $2 51. Rd2 Qf5 52. Rd4 $19) 51. Qg2 $2 (51. a4) 51... c3 $19 {[%emt 0:00:22] Black is clearly winning.} ({Worse is} 51... Qc2+ 52. Rd2 Qf5 53. Qg3 $19) 52. Rd1 Qc2+ 53. Ke1 Qb2 {[%emt 0:00:22] Weighted Error Value: White=0.51/Black=0.17 (very precise)} 0-1

[Event "FTX Road to Miami Prelims 2022"]
[Site "Online"]
[Date "2022.07.04"]
[Round "4.5"]
[White "Rapport, Richard"]
[Black "Erigaisi Arjun"]
[Result "1-0"]
[ECO "C54"]
[WhiteElo "2764"]
[BlackElo "2689"]
[Annotator "TA"]
[PlyCount "81"]
[EventDate "2022.07.10"]
[EventType "tourn"]
[EventCountry "NET"]
[SourceTitle "playchess.com"]
[Source "ChessBase"]
[SourceQuality "1"]
[TimeControl "40/5400+30:1800+30"]

1. e4 e5 2. Nf3 Nc6 3. Bc4 Nf6 4. d3 Bc5 5. c3 d6 6. Bb3 h6 7. h3 {[%emt 0:00:28] C54: Giuoco Piano: 4 c3 Nf6, main lines with 5 d4 and 5 d3.} a6 8. Nbd2 Be6 9. Bc2 {[%emt 0:00:37] White has an edge. is the legacy move (9.Nf1).} d5 10. Qe2 Qe7 11. Nf1 {[%emt 0:01:52] [#]} Rd8 $146 ({Predecessor:} 11... dxe4 12. dxe4 Rd8 13. Ne3 O-O 14. g4 Nh7 15. Nf5 Bxf5 16. gxf5 Rfe8 17. Rg1 Kh8 {1-0 (52) Roth,P (2327)-Woeber,F (2189) Austria 2002}) 12. Ng3 O-O 13. O-O b5 (13... d4 $11 {keeps the balance.}) 14. d4 $16 exd4 15. e5 Ne4 16. Nxe4 dxe4 (16... d3 $2 17. Qxd3 Bf5 {[#]} 18. Nf6+ $1 Qxf6 19. exf6 $18) 17. Qxe4 {[%emt 0:00:23][%csl Gc2][%cal Re4h7] [#]} d3 18. Bxd3 Rxd3 19. Qxd3 Bc4 {[%emt 0:00:21] This bishop pair is nice.} 20. Qe4 Bxf1 21. Kxf1 Qe6 22. Qg4 g5 23. Qxe6 fxe6 24. Ke2 Rd8 25. Be3 Rd5 26. Rd1 {[%emt 0:01:28] And now Rxd5 would win.} Rxd1 27. Kxd1 Bxe3 28. fxe3 {[%emt 0:00:21][%mdl 4096] Endgame KN-KN} Kf7 29. Kc2 Ne7 (29... Nb8 $142 30. c4 bxc4) 30. Kd3 c5 31. b4 (31. Nd2 $18) 31... cxb4 (31... c4+ $142 32. Ke4 Ke8) 32. cxb4 Ke8 $2 {[%emt 0:02:35] This move loses the game for Black.} (32... Nc6 $16 {was worth a try.}) 33. Nd4 $18 Kd7 34. Nb3 {[%emt 0:00:22] Threatens to win with Nc5+.} Kc6 35. Nc5 Nd5 (35... Kd5 {was necessary.} 36. Nxa6 Kxe5) 36. a3 ({Weaker is} 36. Nxa6 Kb6 37. Nb8 (37. Nc5 $2 Nxb4+ 38. Kd4 Nc6+ 39. Kd3 Kxc5 $19) 37... Kc7 38. Na6+ Kb6 $11) (36. Nxe6 Nxb4+ 37. Ke4 Nxa2 $14) 36... a5 $2 (36... Nc7 37. Kd4 Kb6 38. Nd7+ Kc6) 37. Nxe6 axb4 38. e4 bxa3 (38... Nc3 $142 39. Nd4+ Kd7) 39. Nd4+ Kc5 40. exd5 a2 41. d6 {[%emt 0:30:51] Weighted Error Value: White=0.13 (very precise) /Black=0.59} 1-0

[Event "FTX Road to Miami Prelims 2022"]
[Site "Online"]
[Date "2022.07.04"]
[Round "4.6"]
[White "Wojtaszek, Radoslaw"]
[Black "Mamedyarov, Shakhriyar"]
[Result "1/2-1/2"]
[ECO "D46"]
[WhiteElo "2708"]
[BlackElo "2759"]
[Annotator "TA"]
[PlyCount "103"]
[EventDate "2022.07.10"]
[EventType "tourn"]
[EventCountry "NET"]
[SourceTitle "playchess.com"]
[Source "ChessBase"]
[SourceQuality "1"]
[TimeControl "40/5400+30:1800+30"]

1. d4 d5 2. c4 c6 3. Nf3 Nf6 4. Nc3 e6 5. e3 Nbd7 6. Qc2 Bd6 7. Bd3 O-O 8. O-O dxc4 9. Bxc4 c5 10. dxc5 {[%emt 0:00:53] D46: Semi-Slav: 5 e3 Nbd7 6 Bd3, Black avoids the Meran.} Bxc5 11. e4 {[%emt 0:00:33] White wants to play e5.} Qc7 {[%emt 0:05:03] Against e5} (11... Ng4 {is interesting.} 12. Bf4 Qf6 13. Bg3 Nde5) 12. Qe2 {[%emt 0:00:28] Threatens to win with e5.} Ne5 13. Bf4 Nxf3+ 14. Qxf3 e5 15. Bg5 Be7 16. Bb3 {[%emt 0:02:51] White is more active.} Be6 17. Rac1 Qb6 {[%emt 0:00:59] [#]} 18. Bxf6 $146 ({Predecessor:} 18. Be3 Qa6 19. Nd5 Bxd5 20. exd5 Bd6 21. Bg5 Nd7 22. Bc2 g6 23. Qh3 f5 24. Bh6 {1-0 (41) Kantsler,B (2519)-Lederman,L (2346) Israel 2002}) 18... Bxf6 19. Nd5 Bxd5 20. Bxd5 Rac8 21. b3 Rc7 22. g3 Rfc8 23. Rxc7 Rxc7 24. Bc4 g6 25. Rd1 Kg7 26. Rd5 a6 27. a4 Qb4 28. Kg2 Qe7 29. Qd3 Qe8 30. h4 h5 31. Qe3 Qc8 32. Qd3 Qe8 33. Qf3 Rd7 34. Rxd7 Qxd7 $11 {[%emt 0:00:22][%mdl 4096] Endgame KQB-KQB} 35. Bd5 Qc7 36. Bc4 a5 37. Bd5 b6 38. Bc4 Bd8 39. Qd3 Be7 40. Qd5 Bc5 41. Kf3 Qe7 {[%emt 0:30:33] [#] Hoping for ...Qf6+.} 42. Kg2 Qf6 43. f3 Qe7 44. Kf1 Be3 45. Kg2 g5 46. hxg5 Bxg5 47. Kf1 h4 48. gxh4 Bxh4 49. Ke2 Bg5 50. Kd3 Qd8 51. Qxd8 Bxd8 52. Bd5 {[%emt 0:00:26] Weighted Error Value: White=0.04 (flawless) /Black=0.04 (flawless)} 1/2-1/2

[Event "FTX Road to Miami Prelims 2022"]
[Site "Online"]
[Date "2022.07.04"]
[Round "4.7"]
[White "Shankland, Sam"]
[Black "Duda, Jan-Krzysztof"]
[Result "0-1"]
[ECO "C43"]
[WhiteElo "2720"]
[BlackElo "2750"]
[Annotator "TA"]
[PlyCount "102"]
[EventDate "2022.07.10"]
[EventType "tourn"]
[EventCountry "NET"]
[SourceTitle "playchess.com"]
[Source "ChessBase"]
[SourceQuality "1"]
[TimeControl "40/5400+30:1800+30"]

1. e4 e5 2. Nf3 Nf6 3. d4 Nxe4 4. Bd3 d5 5. Nxe5 Nd7 6. Nc3 Nxc3 7. bxc3 Bd6 $1 {[%emt 0:00:52][%mdl 4] outshines the older 7...Nxe5.} 8. O-O O-O 9. Re1 c5 {[%emt 0:00:44] C43: Petroff Defence: 3 d4.} 10. Qf3 c4 11. Bf5 {[%emt 0:00:22] [#]} Nb6 $1 $146 {[%emt 0:01:05][%mdl 8] The position is equal. A top novelty.} ({Predecessor:} 11... Nxe5 12. dxe5 Re8 13. Bxc8 Rxc8 14. Bg5 Be7 15. e6 fxe6 16. Rxe6 Bxg5 17. Rxe8+ Qxe8 18. Qxd5+ {½-½ (50) Nepomniachtchi,I (2773)-Dominguez Perez,L (2753) Bucharest 2022}) 12. Bxc8 Qxc8 13. h4 f6 14. Ng4 Re8 15. Bd2 Re4 16. Ne3 Rf4 (16... Rxh4 $2 17. Nf5 Bh2+ 18. Kf1 $18) 17. Qh5 g6 18. Qe2 Rxh4 19. g3 {[%emt 0:00:23] [#]} (19. Qf3 $1 $11 {keeps the balance.} Rf4 20. Qd1) 19... Qh3 $1 {[%emt 0:02:16] Black is more active.} 20. Qf3 $11 Bf4 21. a4 Bxe3 22. Rxe3 Qh2+ 23. Kf1 Rh5 24. g4 Qh1+ 25. Ke2 Qxf3+ ({Don't play} 25... Qxa1 26. gxh5 Qxa4 27. hxg6 $16) 26. Rxf3 Re8+ 27. Be3 Rh4 28. Rxf6 Rxg4 29. a5 Nc8 {[%emt 0:00:25] ...Kg7 is the strong threat.} 30. a6 bxa6 (30... b6 $1 $17 {And now ...Rge4 would win.} 31. Rb1 Ne7) 31. Raxa6 Rge4 32. Ra5 Ne7 {[%emt 0:00:55] Threatens to win with ...Nf5.} 33. Rxa7 ({Avoid the trap} 33. f3 $2 Rxe3+ $1 34. Kxe3 Nc6+ 35. Kf4 Nxa5 $19) 33... Nf5 34. Kd2 (34. Rff7 $11 {and White has nothing to worry.}) 34... Nxe3 $19 35. fxe3 Rxe3 {[%emt 0:00:24][%mdl 4096] Endgame KRR-KRR} 36. Rff7 $2 (36. Rf2 R3e7 37. Ra5) 36... Rh3 (36... Re2+ $142 37. Kc1 Re1+ 38. Kb2 Rb8+ 39. Ka2 Rbb1) 37. Rfd7 Rh1 $2 ({Better is} 37... Rh2+ $19 38. Kc1 Rh5) 38. Rxd5 $11 Rhe1 39. Rd8 $1 h5 40. Rxe8+ Rxe8 {[%emt 0:00:20] KR-KR} 41. Rc7 h4 {[%emt 0:30:28] White must now prevent ...h3.} 42. Rxc4 Kg7 {[%emt 0:01:41] Hoping for ...h3.} 43. d5 g5 {[%emt 0:00:20][%mdl 1024] Strongly threatening ...h3. Black has compensation.} 44. Rg4 Kg6 45. d6 $2 (45. Rg1 $15) 45... Kh5 $19 ({Inferior is} 45... Rd8 46. Rd4 $11) 46. Rd4 {[%emt 0:00:32] [#]} h3 $1 47. d7 Rd8 48. Ke3 h2 49. Rd1 Kg4 {[%emt 0:00:23][%cal Od8d7] ( -> ...Rxd7!)} (49... Rxd7 50. Rxd7 Kg4 51. Rh7 Kf5 52. Rxh2 g4 53. c4 g3 54. Rd2) 50. Kf2 {[%emt 0:00:38] [#]} Rxd7 $3 51. Re1 (51. Rxd7 h1=Q) 51... Rd2+ {[%emt 0:00:25] Weighted Error Value: White=0.82/Black=0.23 (precise)} 0-1

[Event "FTX Road to Miami Prelims 2022"]
[Site "Online"]
[Date "2022.07.04"]
[Round "4.8"]
[White "Wei, Yi"]
[Black "Dominguez Perez, Leinier"]
[Result "1-0"]
[ECO "C42"]
[WhiteElo "2727"]
[BlackElo "2754"]
[Annotator "TA"]
[PlyCount "129"]
[EventDate "2022.07.10"]
[EventType "tourn"]
[EventCountry "NET"]
[SourceTitle "playchess.com"]
[Source "ChessBase"]
[SourceQuality "1"]
[TimeControl "40/5400+30:1800+30"]

1. e4 e5 2. Nf3 Nf6 3. Nxe5 d6 4. Nf3 Nxe4 5. d4 d5 6. Bd3 Bd6 7. O-O O-O 8. c4 c6 9. Re1 Bf5 10. Qb3 Qd7 {[%emt 0:00:22] C42: Petroff Defence: 3 Nxe5 and unusual White 3rd moves.} 11. c5 Bc7 12. Nbd2 Re8 {[%emt 0:01:54] The position is equal.} 13. Nh4 Be6 14. Qc2 Na6 15. a3 {[%emt 0:00:24] [#] Prevents Nb4.} Bg4 $146 ({Predecessor:} 15... f5 16. Nhf3 Qe7 17. b4 Nb8 18. Ne5 Nd7 19. Ndf3 Nxe5 20. Nxe5 a5 21. Bb2 Qg5 {0-1 (69) Satosuo,R (2015)-Freire,D (2043) ICCF email 2014}) 16. Nxe4 (16. Re3 {is more complex.} Qd8 17. Ndf3 Qe7 18. b4) 16... dxe4 17. Rxe4 Rxe4 18. Bxe4 Qxd4 19. Be3 Qf6 $1 ({But not} 19... Qe5 20. Bxh7+ Kh8 21. g3 $16) 20. Nf3 Bxf3 21. Bxf3 Rd8 22. Rd1 Rxd1+ 23. Qxd1 Qxb2 24. Qd7 Qb1+ 25. Bd1 {[%emt 0:00:23][%cal Rd7e8] Really sharp!} h5 26. g3 Nb8 27. Qd4 $40 {[%emt 0:01:05][%mdl 128] Black needs to defend precisely.} g6 28. Kg2 {[%emt 0:01:24] And now Bh6 would win.} Qf5 29. Qb2 h4 30. Qxb7 Qd5+ $2 {[%emt 0:00:33] Black is now going downhill.} (30... h3+ $1 $11 {and Black stays safe.} 31. Kf1 Qd3+ 32. Be2 Qe4) 31. Bf3 $18 h3+ 32. Kxh3 Qxf3 33. Qxc7 $16 {[%emt 0:01:19][%mdl 4096] Endgame KQB-KQN} Qh5+ 34. Kg2 Qd5+ 35. f3 Nd7 36. Qd6 {[%emt 0:01:53] Qxd5 is the strong threat.} ({Inferior is} 36. Qxa7 Ne5 37. Qb8+ Kh7 $17) 36... Ne5 (36... Qe5 {was necessary.}) 37. Qxd5 $18 cxd5 {[%emt 0:00:20] KB-KN} 38. Kf2 Nc6 39. g4 f6 40. h4 Kf7 41. h5 Kg7 42. Bd2 a6 $2 (42... Kh7 43. Bf4 Kg7) 43. Kg3 Kf7 (43... Kh7 $142 44. Kf4 Ne5) 44. Kf4 {[%emt 0:00:32] aiming for Bc3.} Kg7 $2 (44... Ne5 45. Bb4 Nc6) 45. Bc3 Kf7 46. Bb2 Nd8 47. h6 Ne6+ 48. Ke3 {[%emt 0:00:21] Threatens to win with c6.} Nxc5 49. h7 Kg7 {[%emt 0:00:23] [#]} 50. Bxf6+ $1 Kxh7 51. Kd4 Nb3+ 52. Kxd5 Nd2 53. f4 Kg8 54. Bc3 (54. a4 $142 {White wants to mate with Bc3.} Kf7 55. Bc3) 54... Nf1 55. Kc6 {[%emt 0:00:50] White mates.} Ne3 56. Kb7 Nc4 57. a4 a5 58. Ka6 Kf7 59. Kb5 Ne3 60. Bxa5 Ke6 61. Kc6 Nxg4 62. Bc3 Ne3 63. a5 Nd5 {[%emt 0:00:25] [#]} 64. a6 $1 Ne7+ (64... Nxc3 65. a7) 65. Kb7 {[%emt 0:00:22] Weighted Error Value: White=0.23 (precise) /Black=0.34} 1-0

[Event "FTX Road to Miami Prelims 2022"]
[Site "Online"]
[Date "2022.07.04"]
[Round "5.1"]
[White "Dominguez Perez, Leinier"]
[Black "Niemann, Hans Moke"]
[Result "0-1"]
[ECO "B12"]
[WhiteElo "2754"]
[BlackElo "2688"]
[Annotator "ChessBase"]
[PlyCount "70"]
[EventDate "2022.07.10"]
[EventType "tourn"]
[EventCountry "NET"]
[SourceTitle "playchess.com"]
[Source "ChessBase"]
[SourceQuality "1"]
[TimeControl "40/5400+30:1800+30"]

1. e4 c6 2. d4 d5 3. e5 Bf5 4. Nd2 e6 5. Nb3 Ne7 6. Nf3 h6 7. Be2 Nd7 8. O-O g5 9. a4 Bg7 10. a5 O-O 11. c3 Rc8 12. Be3 Ng6 13. Ne1 Nf4 14. Bxf4 gxf4 15. Bd3 Qg5 16. Nd2 f6 17. Ndf3 Qh5 18. Bxf5 Qxf5 19. exf6 Nxf6 20. Nd3 Ne4 21. Nfe5 Rc7 22. f3 Nd6 23. Re1 h5 24. b4 Bxe5 25. Rxe5 Qg6 26. Qe2 Rf6 27. Re1 Nf7 28. Nc5 Nxe5 29. Qxe5 Rg7 30. Qe2 Qf5 31. Rf1 h4 32. Rf2 h3 33. Nd3 hxg2 34. Qd1 Qh3 35. Qc1 Qxh2+ 0-1

[Event "FTX Road to Miami Prelims 2022"]
[Site "Online"]
[Date "2022.07.04"]
[Round "5.2"]
[White "Duda, Jan-Krzysztof"]
[Black "Wei, Yi"]
[Result "1-0"]
[ECO "B51"]
[WhiteElo "2750"]
[BlackElo "2727"]
[Annotator "ChessBase"]
[PlyCount "45"]
[EventDate "2022.07.10"]
[EventType "tourn"]
[EventCountry "NET"]
[SourceTitle "playchess.com"]
[Source "ChessBase"]
[SourceQuality "1"]
[TimeControl "40/5400+30:1800+30"]

1. e4 c5 2. Nf3 d6 3. Bb5+ Nd7 4. Ba4 Ngf6 5. d3 a6 6. c4 g6 7. Nc3 Bg7 8. O-O O-O 9. h3 Ne5 10. Nxe5 dxe5 11. Be3 b6 12. Rb1 Qd6 13. a3 Rd8 14. b4 cxb4 15. axb4 e6 16. Qf3 Nd7 17. Rfd1 Qc7 18. Rb3 b5 19. cxb5 Nb6 20. bxa6 Bxa6 21. Bb5 Bxb5 22. Nxb5 Qc6 23. Na3 1-0

[Event "FTX Road to Miami Prelims 2022"]
[Site "Online"]
[Date "2022.07.04"]
[Round "5.3"]
[White "Mamedyarov, Shakhriyar"]
[Black "Shankland, Sam"]
[Result "1/2-1/2"]
[ECO "D77"]
[WhiteElo "2759"]
[BlackElo "2720"]
[Annotator "ChessBase"]
[PlyCount "58"]
[EventDate "2022.07.10"]
[EventType "tourn"]
[EventCountry "NET"]
[SourceTitle "playchess.com"]
[Source "ChessBase"]
[SourceQuality "1"]
[TimeControl "40/5400+30:1800+30"]

1. d4 Nf6 2. c4 g6 3. g3 Bg7 4. Bg2 O-O 5. Nf3 d5 6. O-O dxc4 7. Na3 c3 8. bxc3 c5 9. Bb2 Nc6 10. e3 Be6 11. Qe2 Rc8 12. e4 Bg4 13. Rfd1 Nd7 14. h3 Bxf3 15. Bxf3 cxd4 16. cxd4 Qa5 17. e5 Nb6 18. Rac1 Rfd8 19. Kg2 e6 20. Qb5 Qa4 21. Qxa4 Nxa4 22. Ba1 Bf8 23. Nc4 Nb4 24. Bxb7 Nxa2 25. Bxc8 Rxc8 26. Rc2 Nb4 27. Rcc1 Na2 28. Rc2 Nb4 29. Rcc1 Na2 1/2-1/2

[Event "FTX Road to Miami Prelims 2022"]
[Site "Online"]
[Date "2022.07.04"]
[Round "5.4"]
[White "Erigaisi Arjun"]
[Black "Wojtaszek, Radoslaw"]
[Result "1-0"]
[ECO "B90"]
[WhiteElo "2689"]
[BlackElo "2708"]
[Annotator "ChessBase"]
[PlyCount "131"]
[EventDate "2022.07.10"]
[EventType "tourn"]
[EventCountry "NET"]
[SourceTitle "playchess.com"]
[Source "ChessBase"]
[SourceQuality "1"]
[TimeControl "40/5400+30:1800+30"]

1. e4 c5 2. Nf3 d6 3. d4 cxd4 4. Nxd4 Nf6 5. Nc3 a6 6. Be3 e5 7. Nf3 Qc7 8. a4 Be7 9. Be2 Be6 10. O-O Nbd7 11. a5 O-O 12. Nd5 Nxd5 13. exd5 Bg4 14. c4 f5 15. Ra3 Rae8 16. b4 Bxf3 17. gxf3 f4 18. Bc1 e4 19. fxe4 Ne5 20. f3 Nxc4 21. Rc3 b5 22. Kh1 Rc8 23. Rg1 Bf6 24. Rc2 Be5 25. Qf1 Rf7 26. Bxc4 bxc4 27. Bd2 Bd4 28. Rg2 c3 29. Qxa6 Qb7 30. Qxb7 Rxb7 31. Bxf4 Rxb4 32. h4 Ra8 33. Bxd6 Rb1+ 34. Kh2 Rxa5 35. Bf4 Kf7 36. Kh3 Raa1 37. e5 Rb2 38. e6+ Ke7 39. Rge2 Rxc2 40. d6+ Kf6 41. d7 Rh1+ 42. Kg4 h5+ 43. Kxh5 g6+ 44. Kg4 Rg1+ 45. Bg3 Bb6 46. e7 Bc7 47. e8=N+ Kf7 48. Nxc7 Rd2 49. Nb5 Rxd7 50. Nxc3 Rd4+ 51. Ne4 Rd3 52. Ra2 Rb3 53. Ra7+ Kf8 54. Kf4 Rb5 55. Kg4 Rb3 56. Ra6 Kg7 57. Ng5 Rb4+ 58. Kh3 Rh1+ 59. Kg2 Rd1 60. Be5+ Kh6 61. Ra8 Rg4+ 62. fxg4 Rd2+ 63. Kf3 Rf2+ 64. Ke4 Re2+ 65. Kd5 Rd2+ 66. Bd4 1-0

[Event "FTX Road to Miami Prelims 2022"]
[Site "Online"]
[Date "2022.07.04"]
[Round "5.5"]
[White "Ju, Wenjun"]
[Black "Rapport, Richard"]
[Result "1-0"]
[ECO "E16"]
[WhiteElo "2560"]
[BlackElo "2764"]
[Annotator "ChessBase"]
[PlyCount "119"]
[EventDate "2022.07.10"]
[EventType "tourn"]
[EventCountry "NET"]
[SourceTitle "playchess.com"]
[Source "ChessBase"]
[SourceQuality "1"]
[TimeControl "40/5400+30:1800+30"]

1. d4 Nf6 2. c4 e6 3. Nf3 b6 4. g3 Bb7 5. Bg2 Bb4+ 6. Bd2 a5 7. O-O O-O 8. Bf4 Be7 9. Nc3 Ne4 10. Nb5 Na6 11. Rc1 Qc8 12. d5 d6 13. Nd2 Nec5 14. Nb3 e5 15. Nxc5 Nxc5 16. Bd2 f5 17. b3 f4 18. e3 Bg5 19. Qh5 Bh6 20. exf4 exf4 21. Rcd1 Qd8 22. Bc3 Bc8 23. Nd4 Bd7 24. Rde1 fxg3 25. hxg3 Qf6 26. Ba1 Qf7 27. Qxf7+ Kxf7 28. Ne6 Nxe6 29. dxe6+ Bxe6 30. Bxa8 Rxa8 31. f4 g6 32. Rf2 Bf8 33. f5 gxf5 34. g4 d5 35. gxf5 Bd7 36. Rh2 Bc5+ 37. Kh1 Kg8 38. Rg2+ Kf8 39. cxd5 Rd8 40. Bf6 Re8 41. Rxe8+ Kxe8 42. Rg5 h6 43. Rh5 c6 44. dxc6 Bxc6+ 45. Kh2 Be4 46. Kg3 Bb1 47. a3 Bxa3 48. Bd4 Bc2 49. Bxb6 Bd6+ 50. Kf2 Bb4 51. f6 Bxb3 52. Rxh6 a4 53. Bd4 Bf8 54. Rh7 Bd5 55. Ra7 a3 56. f7+ Kd8 57. Bf6+ Kc8 58. Be7 Kb8 59. Bxf8 Kxa7 60. Bc5+ 1-0